AoeStats
← Lucas Renato903

Coastal Forest

510433705Analyzed
2v2 RM · 3d ago on Oct 1, 2026· 19m 28s· 4 players
Game mode
Random Map
Map size
Medium (4 player)
Population
200
Speed
Normal
Resources
Standard
Victory
Conquest
Starting age
Dark Age
Ending age
Imperial Age
RankedLock teamsTeams togetherTeam positionsShared explorationLock speedFull tech treeHidden civsTurbo modeCheats
Victory
Defeat
🇺🇸 Sicilians · United States
1036
+13
🇺🇸 Mongols · United States
1008
+15
🇧🇷 Koreans · Brazil
1000
-45
🇲🇽 Vietnamese · Mexico
959
-13
Lucas Renato903
7:54 Loom
17:05 Feudal Age
NIXXT103
Kool Aid Kid
9:56 Feudal Age
10:04 Feudal Age
14:28 Double-Bit Axe
17:12 Castle Age
15:35 Double-Bit Axe
16:21 Horse Collar
16:33 Fletching
20:01 Padded Archer Armor
20:09 Thumb Ring
reemsauce
12:08 Feudal Age
15:07 Gold Mining
15:32 Scale Mail Armor
17:43 Forging
Connection lost

Rejoining the realm…

Still unreachable

The connection could not be restored.

Session expired

The server has moved on; the page needs a fresh start.